 Dungeon Crawl Stone Soup version 0.30-a0-879-ga8ba668304 (webtiles) character file.

Game seed: 5366909746433312564

713 pokeman the Magician (level 7, 0/38 HPs)
             Began as a Deep Elf Hedge Wizard on Mar 13, 2023.
             Killed from afar by domi's ghost (3 damage)
             ... with a magic dart
             ... on level 4 of the Dungeon.
             The game lasted 00:08:13 (4107 turns).

pokeman the Magician (Deep Elf Hedge Wizard)        Turns: 4107, Time: 00:08:13

Health: 0/38       AC:  3    Str: 12    XL:     7   Next: 41%
Magic:  6/19       EV: 13    Int: 21    God:
Gold:   91         SH:  0    Dex: 14    Spells: 6/20 levels left

rFire   . . .      SeeInvis .    q - +6 mace of Putrescence {heavy, rElec rC+ Str+5}
rCold   + . .      Faith    .    (no shield)
rNeg    . . .      Spirit   .    b - +0 robe
rPois   .          Reflect  .    e - +0 helmet
rElec   +          Rampage  .    (no cloak)
rCorr   .                        (no gloves)
Will    .....                    (no boots)
Stlth   ++                       (no amulet)
HPRegen 0.26/turn                (no ring)
MPRegen 0.16/turn                (no ring)

@: lethally poisoned (0 -> 0), very slightly contaminated
A: no striking features
a: no special abilities


You were on level 4 of the Dungeon.
You visited 1 branch of the dungeon, and saw 4 of its levels.

You collected 161 gold pieces.
You spent 70 gold pieces at shops.

Inventory:

Hand Weapons
 a - a +1 dagger of venom
 q - the +6 mace of Putrescence (weapon) {heavy, rElec rC+ Str+5}
   (You took it off an orc on level 3 of the Dungeon)

   Str:       It affects your strength (+5).
   rC:        It protects you from cold.
   rElec:     It insulates you from electricity.
Armour
 b - a +0 robe (worn)
 e - a +0 helmet (worn)
 r - an orb of light
Wands
 p - a wand of flame (30)
 v - a wand of roots (10)
Scrolls
 c - 2 scrolls of enchant weapon
 f - 3 scrolls of silence
 h - a scroll of poison
 j - 2 scrolls of fog
 l - 6 scrolls of teleportation
 o - 5 scrolls of noise {unknown}
 s - a scroll of enchant armour {unknown}
 u - a scroll of magic mapping {unknown}
Potions
 d - a potion of magic
 g - 2 potions of heal wounds {unknown}
 i - a potion of resistance {unknown}
 k - 2 potions of brilliance {unknown}
 m - 3 potions of mutation {unknown}
 n - a potion of attraction {unknown}
 t - a potion of berserk rage {unknown}


   Skills:
 + Level 1.5 Fighting
 - Level 1.0 Armour
 - Level 3.0 Dodging
 - Level 3.0 Stealth
 * Level 7.2 Spellcasting
 + Level 5.5 Conjurations
 - Level 1.1 Summonings
 - Level 1.1 Translocations
 - Level 1.0 Air Magic
 + Level 1.9 Earth Magic
 - Level 1.2 Poison Magic
 + Level 1.1 Evocations


You had 6 spell levels left.
You knew the following spells:

 Your Spells              Type           Power      Damage    Failure   Level
a - Magic Dart            Conj           100%       1d8       1%          1
b - Mephitic Cloud        Conj/Pois/Air  18%        N/A       9%          3
c - Call Imp              Summ           12%        N/A       9%          2
d - Blink                 Tloc           24%        N/A       9%          2
e - Iron Shot             Conj/Erth      11%        9d3       96%         6

Your spell library contained the following spells:

 Spells                   Type           Power      Damage    Failure   Level
 Apportation              Tloc           24%        N/A       5%          1
 Slow                     Hex            28%        N/A       9%          1
 Cigotuvi's Dreadful Rot  Necr/Pois/Air  20%        N/A       10%         2
 Call Canine Familiar     Summ           12%        N/A       17%         3
 Portal Projectile        Hex/Tloc       18%        N/A       21%         3
 Animate Armour           Summ/Erth      26%        N/A       43%         4
 Leda's Liquefaction      Hex/Erth       5%         N/A       50%         4
 Alistair's Intoxication  Tmut/Pois      6%         N/A       88%         5
 Blade Hands              Tmut           3%         N/A       94%         5


Dungeon Overview and Level Annotations

Branches:
Dungeon (4/15)
 Temple: D:4-7

Altars:
Ashenzari
Nemelex Xobeh
The Shining One

Shops:
D:2 ?

Annotations:
D:4 1 runed translucent door, domi's ghost, weakling DsCj


Message History

Domi's ghost is moderately damaged.
Domi's ghost hits you.
You are poisoned.
The worm is engulfed in noxious fumes.
The worm appears confused.
Domi's ghost hits you but does no damage.
You are more poisoned.
Casting: Mephitic Cloud (dangerous; 9% risk of failure)
Confirm with . or Enter, or press ? or * to list all spells.
You miscast Call Imp.
You are very lightly contaminated with residual magic.
Nothing appears to happen.
You feel very sick. Domi's ghost misses you.
The worm closely misses the quokka.
Unknown command.
Casting: Call Imp (safe; 9% risk of failure)
Confirm with . or Enter, or press ? or * to list all spells.
You miscast Blink.
Nothing appears to happen.
You feel very sick. Domi's ghost hits you.
You are more poisoned.
Unknown command.
Casting: Blink (safe; 9% risk of failure)
Confirm with . or Enter, or press ? or * to list all spells.
You blink.
You feel very sick.
You feel very sick.
You feel very sick.
Domi's ghost points at you and mumbles some strange words.
The zap hits you. You resist.
You feel sick.
You feel stable enough to blink again.
You feel sick.
You feel sick.
You feel sick.
You feel sick.
You feel sick.
You feel sick.
Domi's ghost points at you and mumbles some strange words.
The magic dart hits you.
You die...

'.....##......#...# #....)...#
####.###......#.(.# #######..#
...#.# #......##### ##..
.....########.....# #..
.#.........##.)...######## #..
.#.#######.##............######..
....# #.#..........)..#.......
#...######.#.###.........#.......
#).........#<..#@........#.......
#.##############.........#.......
#†####.........#.................
#)#....######.............#######
#.#.#### #....####...#.# # #)#)#
#....# #.....# #.).#
#....####...####### #####
#..W.#............#
#....#.#.########.#


You could see domi's ghost.

Vanquished Creatures
  Sigmund (D:3)
  An ogre (D:4)
  A scorpion (D:4)
  A howler monkey (D:4)
  A gnoll bouda (D:4)
  An iguana (D:4)
  4 adders
  2 gnolls
  A river rat (D:4)
  4 worms
  2 dart slugs (D:1)
  5 orcs
  6 bats
  5 endoplasms
  4 giant cockroaches
  6 goblins
  4 hobgoblins
  9 jackals
  4 kobolds
  2 quokkas (D:2)
  8 ball pythons
  3 frilled lizards
  3 rats
78 creatures vanquished.

Vanquished Creatures (collateral kills)
  An ice beast (D:3)
  A bullfrog (D:4)
  A gnoll (D:4)
  A goblin (D:4)
4 creatures vanquished.

Vanquished Creatures (others)
  A gnoll (D:4)
  A fungus (D:2)
  4 plants (D:2)
6 creatures vanquished.

Grand Total: 88 creatures vanquished

Notes
Turn   | Place    | Note
-------+----------+-------------------------------------------
     0 | D:1      | pokeman the Deep Elf Hedge Wizard began the quest for the
                  | Orb.
     0 | D:1      | Reached XP level 1. HP: 10/10 MP: 7/7
   109 | D:1      | Reached XP level 2. HP: 14/16 MP: 1/9
   434 | D:1      | Reached skill level 5 in Spellcasting
   551 | D:1      | Reached XP level 3. HP: 12/20 MP: 4/11
   555 | D:1      | Learned a level 3 spell: Mephitic Cloud
   558 | D:1      | Learned a level 2 spell: Call Imp
   561 | D:1      | Learned a level 2 spell: Blink
  1323 | D:2      | Reached skill level 1 in Armour
  1323 | D:2      | Found a faded altar of an unknown god.
  1509 | D:2      | Reached skill level 1 in Fighting
  1612 | D:2      | Found a broken altar of Ashenzari.
  1914 | D:2      | Found Mug Kera's Magic Scroll Emporium.
  1924 | D:2      | Reached XP level 4. HP: 20/25 MP: 6/13
  1976 | D:2      | Bought a scroll of identify for 28 gold pieces
  1976 | D:2      | Bought a scroll of teleportation for 42 gold pieces
  2047 | D:3      | Found a sparkling altar of Nemelex Xobeh.
  2047 | D:3      | Noticed Sigmund
  2050 | D:3      | Noticed an ice beast
  2408 | D:3      | Killed Sigmund
  2409 | D:3      | Reached XP level 5. HP: 29/29 MP: 10/15
  2453 | D:3      | Killed an ice beast
  2454 | D:3      | Reached skill level 6 in Spellcasting
  2454 | D:3      | Reached skill level 5 in Conjurations
  2454 | D:3      | Reached XP level 6. HP: 6/34 MP: 6/17
  2578 | D:3      | Identified the +6 mace of Putrescence {heavy, rElec rC+
                  | Str+5}
  2905 | D:3      | Found a glowing golden altar of the Shining One.
  3081 | D:3      | Learned a level 6 spell: Iron Shot
  3436 | D:4      | Found a runed translucent door.
  3439 | D:4      | Noticed domi's ghost (weakling DsCj)
  3504 | D:4      | Reached skill level 1 in Air Magic
  3504 | D:4      | Reached skill level 1 in Earth Magic
  3504 | D:4      | Reached skill level 1 in Poison Magic
  3504 | D:4      | Reached XP level 7. HP: 18/38 MP: 11/19
  3746 | D:4      | Found a runed translucent door.
  3823 | D:4      | Reached skill level 7 in Spellcasting
  4078 | D:4      | Reached skill level 1 in Evocations
  4107 | D:4      | Killed from afar by domi's ghost

Illustrated notes

Levels and vault maps discovered:
D:1:      heliophobic_arrival_battle_scene, layout_rooms, serial_glass,
          glass_columns_a, glass_columns_c
D:2:      layout_loops_ring, shapermc_ecumenical_altar_acropolis, basic_altar,
          serial_shops, shop_scrolls
D:3:      layout_loops_ring, nemelex_xobeh_ov_fountains_minmay,
          tso_oasis_becter, uniq_sigmund
D:4:      layout_basic, ebering_ghost_sewer_f

Skill      XL: |  1  2  3  4  5  6  7 |
---------------+----------------------+-----
Spellcasting   | 5 6 7 |  7.2
Armour         | 1 |  1.0
Fighting       | 1 |  1.5
Conjurations   | 2 4 5 |  5.5
Dodging        | 3 |  3.0
Stealth        | 3 |  3.0
Air Magic      | 1 |  1.0
Earth Magic    | 1 |  1.9
Poison Magic   | 1 |  1.2
Evocations     | 1 |  1.1
Summonings     | |  1.1
Translocations | |  1.1

Action                     |  1- 3 |  4- 6 |  7- 9 || total
---------------------------+-------+-------+-------++-------
  Melee: Dagger            |    36 |     8 |       ||    44
         Mace              |       |     8 |     9 ||    17
   Cast: Magic Dart        |   101 |    76 |     4 ||   181
         Mephitic Cloud    |     1 |     3 |     7 ||    11
         Call Imp          |       |     3 |     4 ||     7
         Blink             |       |       |     1 ||     1
    Use: Scroll            |       |     4 |       ||     4
   Stab: Confused          |     2 |     4 |       ||     6
         Sleeping          |       |     1 |     1 ||     2
 Armour: Robe              |    11 |     2 |     2 ||    15
  Dodge: Dodged            |    35 |    18 |    14 ||    67

Table legend: (Time is in decaauts)
 A = Elapsed time spent in this place.
 B = Non-inter-level travel time spent in this place.
 C = Inter-level travel time spent in this place.
 D = Time resting spent in this place.
 E = Time spent auto-exploring this place.
 F = Levels seen in this place.
 G = Mean time per level.
                   A        B        C        D        E       F      G
               +--------+--------+--------+--------+--------+-----+--------+
         Total |   4123 |   4008 |    115 |     38 |   3405 |   4 | 1030.8 |
       Dungeon |   4123 |   4008 |    115 |     38 |   3405 |   4 | 1030.8 |
               +--------+--------+--------+--------+--------+-----+--------+

Top non-repeatable levels by time:
     D:2: 1086 daAuts
     D:3: 1044 daAuts
     D:4: 1012 daAuts
     D:1: 979 daAuts
